 Dungeon Crawl Stone Soup version 0.30-a0-1016-gfb0d676c02 (webtiles) character file.

Game seed: 16094733873058718021

83 Newt the Shooter (level 4, -1/31 HPs)
             Began as a Kobold Hunter on Apr 6, 2023.
             Succumbed to an orc's poison
             ... on level 2 of the Dungeon.
             The game lasted 00:02:01 (1801 turns).

Newt the Shooter (Kobold Hunter)                    Turns: 1801, Time: 00:02:02

Health: -1/31      AC:  3    Str:  8    XL:     4   Next: 71%
Magic:  4/4        EV: 14    Int: 10    God:
Gold:   45         SH:  0    Dex: 20    Spells: 3/3 levels left

rFire   . . .      SeeInvis .    a - +0 shortbow (heavy)
rCold   . . .      Faith    .    (shield currently unavailable)
rNeg    . . .      Spirit   .    c - +0 leather armour
rPois   .          Reflect  .    (no helmet)
rElec   .          Rampage  .    (no cloak)
rCorr   .                        (no gloves)
Will    .....                    (no boots)
Stlth   +++                      (no amulet)
HPRegen 0.25/turn                (no ring)
MPRegen 0.09/turn                (no ring)

@: lethally poisoned (-1 -> -19)
A: small, no large weapons, nightstalker 3
a: no special abilities


You were on level 2 of the Dungeon.
You visited 1 branch of the dungeon, and saw 3 of its levels.

You collected 45 gold pieces.

Inventory:

Hand Weapons
 a - a +0 heavy shortbow (weapon)
Armour
 c - a +0 leather armour (worn)
Wands
 i - a wand of light (8)
Scrolls
 b - a scroll of immolation
 d - 2 scrolls of identify
 e - 2 scrolls of teleportation
Potions
 f - a potion of haste {unknown}
 g - a potion of heal wounds {unknown}


   Skills:
 - Level 5.0 Fighting
 + Level 5.3 Ranged Weapons
 - Level 2.4 Dodging
 - Level 1.3 Stealth


You had 3 spell levels left.
You didn't know any spells.
Your spell library contained the following spells:

 Spells                   Type           Power      Damage    Failure   Level
 Sting                    Tmut/Pois      0%         1d3       50%         1
 Poisonous Vapours        Pois/Air       0%         N/A       63%         2
 Olgreb's Toxic Radiance  Pois           0%         N/A       99%         4


Dungeon Overview and Level Annotations

Branches:
Dungeon (3/15)

Altars:
Okawaru

Shops:
D:1 ((


Innate Abilities, Weirdness & Mutations

You are small and have problems with some larger weapons.
You are completely attuned to the shadows.


Message History

You shoot an arrow. The arrow hits the orc!
You kill the orc!
The endoplasm barely misses you.
An orc comes into view. It is wielding a +0 dagger of venom.
The endoplasm closely misses you.
A goblin comes into view. It is wielding a +0 dagger.
Unknown command.
The endoplasm attacks as you move away! The endoplasm completely misses you.
There is a stone staircase leading up here.
You shoot an arrow. The arrow hits the endoplasm!
You kill the endoplasm!
You hear a shout!
The orc wizard casts a spell at you. The magic dart hits you!
You shoot an arrow. The arrow hits the orc wizard!
The orc wizard is almost dead.
You shoot an arrow. The arrow barely misses the orc wizard.
The orc wizard hits you with a +0 dagger.
The orc hits you with a +0 dagger of venom.
You are poisoned.
The orc wizard barely misses you.
The orc hits you with a +0 dagger of venom.
Unknown command.
You shoot an arrow. The arrow hits the orc wizard!!
You kill the orc wizard!
You feel very sick.
The orc hits you with a +0 dagger of venom.
You are lethally poisoned!
An orc comes into view. It is wielding a +0 hand axe.
The orc hits you with a +0 dagger of venom.
You are more poisoned.
The orc hits you with a +0 club.
Training target 5.0 for Fighting reached!
Your Fighting skill increases to level 5!
You need to enable at least one skill for training.
* * * LOW HITPOINT WARNING * * *
You feel very sick. The orc closely misses you. x2
You climb upwards.
You die...

#........## ##.##....#
####.........#
##..##.รท..#
#.)..........#
##..###....#
#............#####..##
#....#
#......#####..#....##
#))..#### #......#
##+#'########.......#
#......#
#...................#
#......#
#..o.o.........#....#
#......#
#...@.........)#....#
#......#
#..............#....#
########
#...)..........#....#
#..(...........#....#
#..............#....'
#..............#....#
#..............#....#
#..............#....#
#..............#....#


You could see 2 orcs.

Vanquished Creatures
  An orc wizard (D:3)
  An adder (D:2)
  An orc (D:3)
  5 bats
  5 endoplasms
  2 giant cockroaches
  4 goblins
  5 hobgoblins
  2 jackals (D:2)
  2 quokkas (D:2)
  3 ball pythons
  2 frilled lizards (D:1)
  6 kobolds
  2 rats (D:2)
41 creatures vanquished.

Notes
Turn   | Place    | Note
-------+----------+-------------------------------------------
     0 | D:1      | Newt the Kobold Hunter began the quest for the Orb.
     0 | D:1      | Reached XP level 1. HP: 12/12 MP: 1/1
   227 | D:1      | Reached XP level 2. HP: 18/18 MP: 2/2
   327 | D:1      | Found Dutup's Weapon Shoppe.
   481 | D:1      | Found Haraghe's Antique Weapon Emporium.
   916 | D:2      | Reached XP level 3. HP: 23/23 MP: 3/3
  1168 | D:2      | Found an iron altar of Okawaru.
  1421 | D:2      | Reached XP level 4. HP: 30/30 MP: 4/4
  1800 | D:3      | Reached skill level 5 in Fighting
  1801 | D:2      | Succumbed to an orc's poison

Illustrated notes

Levels and vault maps discovered:
D:1:      beargit_arrival_diablo_church, layout_loops_ring, serial_shops, shop,
          shop
D:2:      layout_basic, basic_altar
D:3:      layout_basic, grunt_ministairs_14, guppyfry_early_orc_mine,
          uniq_natasha

Skill      XL: |  1  2  3  4 |
---------------+-------------+-----
Fighting       | 3 4 5 |  5.0
Ranged Weapons | |  5.3
Dodging        | |  2.4
Stealth        | |  1.3

Action                     |  1- 3 |  4- 6 || total
---------------------------+-------+-------++-------
   Fire: Shortbow          |    95 |    15 ||   110
    Use: Scroll            |     1 |     2 ||     3
 Armour: Leather armour    |     5 |     1 ||     6
  Dodge: Dodged            |    45 |     9 ||    54

Table legend: (Time is in decaauts)
 A = Elapsed time spent in this place.
 B = Non-inter-level travel time spent in this place.
 C = Inter-level travel time spent in this place.
 D = Time resting spent in this place.
 E = Time spent auto-exploring this place.
 F = Levels seen in this place.
 G = Mean time per level.
                   A        B        C        D        E       F      G
               +--------+--------+--------+--------+--------+-----+--------+
         Total |   1836 |   1769 |     67 |     98 |   1450 |   3 |  612.0 |
       Dungeon |   1836 |   1769 |     67 |     98 |   1450 |   3 |  612.0 |
               +--------+--------+--------+--------+--------+-----+--------+

Top non-repeatable levels by time:
     D:2: 908 daAuts
     D:1: 904 daAuts
     D:3: 23 daAuts
